Map: Acropolis LE

Players

Naattt - Winner!

  • Race: Protoss Protoss
  • League: Master
  • Spawn Location: 5:00

A.I. 2 (Easy)

  • Race: Terran Terran
  • Spawn Location: 11:00

VOD

Have the link to the VOD?

Description

Time

  • Played on: June 15, 2019, 5:58 p.m.
  • Length: 9:10
Show
View Real Time Build Order
Export as new Build Order

Naattt Protoss - Winner!

Build Orders: 1 Gate Expand, Colossus Rush 

Get SALT Encoding   

  12  0:02  Probe  
  13  0:14  Probe  
  14  0:20  Pylon  
  14  0:23  Probe  
  15  0:34  Probe  
  15  0:42  Gateway  
  16  0:44  Probe  
  17  0:50  Assimilator  
  17  0:56  Probe  
  18  1:09  Probe  
  19  1:24  Nexus  
  19  1:31  Cybernetics Core  
  19  1:34  Probe  
  20  1:41  Assimilator  
  20  1:46  Probe  
  21  1:51  Pylon  
  21  1:58  Probe  
  21  2:00  Stalker  
  22  2:09  Warp Gate  
  22  2:10  Probe  
  25  2:22  Probe  
  26  2:29  Robotics Facility  
  26  2:31  Probe x2  
  28  2:39  Probe  
  28  2:40  Probe  
  30  2:48  Probe  
  30  2:50  Probe  
  30  2:55  Gateway  
  32  3:00  Gateway  
  32  3:05  Probe x2  
  34  3:10  Pylon  
  34  3:17  Probe x2  
  34  3:18  Observer  
  37  3:27  Robotics Bay  
  37  3:29  Probe x2  
  39  3:37  Assimilator, Probe x2  
  39  3:40  Assimilator  
  39  3:43  Observer  
  39  3:45  Probe x2  
  44  3:56  Probe x2  
  44  3:57  Pylon  
  46  4:04  Stalker x3  
  46  4:09  Probe  
  54  4:10  Probe  
  54  4:14  Pylon  
  54  4:20  Colossus, Extended Thermal Lance  
  60  4:33  Probe x2  
  62  4:41  Pylon  
  62  4:51  Nexus  
  62  4:56  Pylon  
  62  4:58  Probe  
  62  4:59  Probe  
  64  5:03  Sentry x3  
  70  5:07  Colossus  
  70  5:10  Probe  
  70  5:11  Probe  
  72  5:14  Pylon  
  78  5:22  Probe  
  78  5:23  Probe  
  80  5:28  Forge  
  80  5:31  Forge  
  80  5:34  Probe  
  80  5:38  Probe  
  81  5:47  Probe  
  82  5:50  Gateway, Probe  
  82  5:51  Gateway  
  82  5:53  Gateway  
  82  5:56  Gateway  
  83  5:57  Protoss Ground Weapons Level 1  
  83  6:00  Probe  
  83  6:02  Probe  
  85  6:04  Protoss Ground Armor Level 1  
  85  6:08  Colossus  
  85  6:13  Probe x2  
  85  6:16  Probe  
  88  6:19  Assimilator  
  88  6:21  Assimilator  
  94  6:25  Probe  
  94  6:26  Probe  
  94  6:28  Probe  
  97  6:37  Sentry x3  
  97  6:38  Probe  
  104  6:43  Pylon  
  104  6:45  Pylon  
  104  6:46  Pylon  
  104  6:47  Pylon  
  104  6:50  Pylon  
  104  6:51  Pylon  
  104  6:52  Stalker x2  
  108  7:00  Warp Prism  
  108  7:04  Stalker x5  
  118  7:15  Sentry x2  
  122  7:20  Pylon  
  124  7:27  Sentry x3  
  124  7:28  Zealot  
  124  7:29  Zealot  
  134  7:37  Twilight Council  
  134  7:39  Pylon  
  134  7:45  Stalker x2  
  138  7:54  Gateway  
  138  7:55  Gateway  
  138  7:57  Gateway  
  138  7:59  Gateway  
  138  8:05  Stalker x2  
  138  8:06  Stalker x3  
  148  8:20  Pylon  
  148  8:21  Pylon  
  148  8:27  Stalker x2  
  148  8:28  Stalker x2  
  148  8:29  Stalker  
  158  8:42  Stalker x2  
Show
View Real Time Build Order
Export as new Build Order

A.I. 2 (Easy) Terran 

Build Orders:  

Get SALT Encoding   

  12  0:00  SCV  
  13  0:13  SCV  
  14  0:18  Supply Depot  
  14  0:25  SCV  
  15  0:40  SCV  
  15  0:42  Barracks  
  16  0:45  Refinery  
  16  1:09  Supply Depot  
  16  1:20  Refinery  
  16  1:29  Barracks Tech Lab  
  16  1:31  Orbital Command  
  16  1:47  Marauder  
  18  1:57  SCV  
  19  2:09  Marauder, SCV  
  19  2:11  Supply Depot  
  22  2:21  SCV  
  23  2:30  Marine  
  23  2:33  SCV  
  25  2:45  SCV  
  25  2:47  Marine  
  27  2:57  SCV  
  28  3:05  Marine  
  29  5:24  SCV, Reaper  
  29  5:25  Supply Depot  
  31  5:34  Factory  
  31  5:36  SCV  
  32  5:48  SCV  
  33  5:51  Supply Depot  
  33  5:56  Marine  
  34  6:01  SCV  
  34  6:03  Command Center  
  30  6:14  Marine  
  29  6:21  Starport  
  29  6:32  Marauder  
  31  6:53  Marine  
  32  6:58  Starport Tech Lab  
  32  7:11  Marine  
  32  7:15  SCV  
  34  7:19  Raven  
  34  7:20  SCV  
  37  7:26  Refinery  
  37  7:27  SCV  
  37  7:28  Marine  
  39  7:30  Refinery  
  39  7:32  SCV  
  39  7:39  SCV  
  41  7:44  SCV  
  41  7:46  Marine  
  42  7:51  SCV  
  42  7:56  SCV  
  43  8:01  Raven  
  43  8:04  SCV  
  43  8:05  Marauder  
  48  8:08  SCV  
  49  8:16  SCV, Hellion  
  43  8:20  SCV  
  42  8:28  SCV  
  42  8:30  Marine  
  42  8:38  Supply Depot  
  42  8:40  SCV  
  28  8:47  Marine  
  26  8:52  SCV  
Tags
 
League
Master
Matchup
PvT
Spawn Locations
Cross Positions
Add a new tag
Caveats
  • Supply blocks, unpowered buildings, or Contaminate may cause inaccurate times.
  • Supply counts are checked every 10 seconds.